Unix NetHack Version 3.7.0-90 Work-in-progress - last build Dec 4 2023 15:25:40 (a4ad6ea61a8c493010e15c9251bbb19a34919cb7,branch:master). Game began 2023-12-08 10:28:12, ended 2023-12-08 10:39:10. wvc, neutral male human Barbarian ---------------- ---------------- |...............############--------- ##...%...........| |..............| ###........| # |..............| |..............| # #|.@.....| # ---------.------ --|------------- # #........| ## # # # #|._.....| ### # # # |.......| ### # # # ----|---- #### #### # # ########### # # # # # # # # ## # # # ## # # ## --------.--- -----------# # # # |..........| |.........|# # # # # |...........### |..........################# # |..........| ### |.........|# ### --|--## --.-- |..........| # |.........+## |...-########)#...>| |..........| ##-----------# |...| |*..| ------------ ############# ----- ----- Wvc the Pillager St:18/01 Dx:17 Co:18 In:7 Wi:8 Ch:7 Neutral S:1541 Dlvl:1 $:313 HP:56(56) Pw:10(10) AC:9 Xp:5/242 T:1624 Latest messages: You slip and nearly fall. You make a lot of noise! You swap places with the peaceful garter snake. You stop. The garter snake is in the way! You swap places with the peaceful garter snake. You climb up the stairs. Where do you want to travel to? (For instructions type a '?') You slip and nearly fall. You make a lot of noise! Where do you want to travel to? (For instructions type a '?') You slip and nearly fall. You make a lot of noise! Where do you want to travel to? (For instructions type a '?') Pick an object. You climb up the stairs. You hear some noises in the distance. Where do you want to travel to? (For instructions type a '?') You trip over your own feet. You make a lot of noise! Where do you want to travel to? (For instructions type a '?') You slip and nearly fall. You make a lot of noise! You flounder. You make a lot of noise! You hear some noises in the distance. Where do you want to travel to? (For instructions type a '?') You hear some noises in the distance. You climb up the stairs. Where do you want to travel to? (For instructions type a '?') You stumble. You make a lot of noise! You see here an orcish dagger. Where do you want to travel to? (For instructions type a '?') The newt bites! You trip over your own feet. You make a lot of noise! The newt bites! You smite the newt. You kill the newt! Beware, there will be no return! Still climb? [yn] (n) y Do you want your possessions identified? [ynq] (y) y Do you want to see your attributes? [ynq] (y) q Inventory: Coins ('$') $ - 313 gold pieces Weapons (')') b - a +0 axe (alternate weapon; not wielded) a - a -1 two-handed sword (weapon in hands) Armor ('[') h - an uncursed +0 orcish helm (being worn) Q - a cursed -3 pair of gauntlets of fumbling (being worn) B - an uncursed +0 pair of iron shoes (being worn) e - a blessed +0 cloak of invisibility R - an uncursed +0 cloak of magic resistance Comestibles ('%') S - a cursed slime mold T - a cursed candy bar labeled "Om-nom" y - an uncursed food ration U - 7 cursed food rations p - an uncursed fortune cookie V - 2 cursed tripe rations Y - a cursed rotten tin of yellow mold Z - an uncursed tin of candied kobold meat Scrolls ('?') M - a cursed scroll of create monster Potions ('!') A - an uncursed potion of enlightenment v - 2 cursed potions of gain ability D - 2 blessed potions of healing l - 4 uncursed potions of healing N - 3 cursed potions of levitation F - 2 cursed potions of monster detection E - 2 cursed potions of paralysis G - a cursed potion of restore ability s - an uncursed potion of speed Rings ('=') m - an uncursed -1 ring of increase damage O - a cursed +2 ring of increase damage K - a cursed ring of levitation j - an uncursed ring of teleport control P - a cursed ring of teleportation Wands ('/') c - a cursed wand of create monster (1:10) f - a cursed wand of fire (0:4) d - a cursed wand of light (0:11) r - a wand of striking (0:6) Tools ('(') W - a cursed lock pick X - a magic marker (0:22) g - a cursed wax candle Wvc the Barbarian's attributes: Background: You were a Pillager, a level 5 male human Barbarian. You were neutral, on a mission for Crom who was opposed by Mitra (lawful) and Set (chaotic). You were left-handed. You were in the Dungeons of Doom, on level 1. You entered the dungeon 1624 turns ago. You had 242 experience points, 78 more were needed to attain level 6. Your score was 1541 before end-of-game adjustments. Basics: You had all 56 hit points. You had all 10 energy points (spell power). Your armor class was 9. Your wallet contained 313 zorkmids. Autopickup was on for '$!"?=' plus thrown. Final Characteristics: Your strength was 18/01 (limit:18/100). Your dexterity was 17 (limit:18). Your constitution was 18 (limit:18). Your intelligence was 7 (limit:18). Your wisdom was 8 (limit:18). Your charisma was 7 (limit:18). Final Status: You fumbled. You weren't hungry. You were unencumbered. You were wielding a two-handed sword. You had basic skill with two-handed sword. Final Attributes: You were devoutly aligned. You were poison resistant. You survived. Miscellaneous: You encountered 1 bones level. Total elapsed playing time was 10 minutes and 57 seconds. Major events: Turn 1: wvc the neutral male human Barbarian entered the dungeon 666: attained the rank of Pillager (level 3) 1399: destroyed lurchy's ghost, the former Conjurer 1624: escaped Vanquished creatures: a ghost a rock piercer 3 fog clouds a kitten a dwarf a rabid rat 2 orc zombies a dwarf zombie a werejackal 2 coyotes a hobbit 2 large kobolds a yellow mold 6 garter snakes a gecko 8 jackals a fox a kobold 4 goblins 2 sewer rats 2 grid bugs a bat 2 lichens 2 kobold zombies 3 newts 51 creatures vanquished. No species were genocided or became extinct. Voluntary challenges: You followed a strict vegan diet. You read items or engraved 8 times. You never engraved Elbereth. You never had a pet. You never genocided any monsters. You never polymorphed an object. You never changed form. You used no wishes. Achievements: You attained the rank of Pillager. You entered a shop. The Dungeons of Doom: levels 1 to 5 Level 1: <- You left from here. An altar. Level 2: Level 3: A general store. Level 4: An altar to Crom. Level 5: A fountain. Final resting place for lurchy-Wiz-Elf-Mal-Cha, killed by a jackal, stash-Ran-Hum-Mal-Cha, killed by a werejackal. Goodbye wvc the Barbarian... You escaped from the dungeon with 1541 points, and 313 pieces of gold, after 1624 moves. You were level 5 with a maximum of 56 hit points when you escaped.